Map: Tropical Sacrifice

Players

Zain - Winner!

  • Race: Protoss Protoss
  • Spawn Location: 7:00

Epic

  • Race: Terran Terran
  • Spawn Location: 1:00

Event: DreamHack SC2 Masters 2022 Atlanta (Offline)

VOD

Have the link to the VOD?

Description

Time

  • Played on: Nov. 18, 2022, 2:17 p.m.
  • Length: 9:42

All games in this series

Show
View Real Time Build Order
Export as new Build Order

Zain Protoss - Winner!

Build Orders: 1 Gate Expand, Blink Stalkers, Zealot Archon, Dark Templar Rush 

Get SALT Encoding   

  12  0:00  Probe  
  13  0:12  Probe  
  14  0:18  Pylon  
  14  0:24  Probe (Chrono Boost)  
  15  0:36  Probe (Chrono Boost), Gateway  
  16  0:44  Probe (Chrono Boost)  
  16  0:47  Assimilator  
  17  0:51  Probe  
  18  1:03  Probe  
  19  1:15  Probe  
  20  1:24  Cybernetics Core  
  20  1:35  Nexus  
  20  1:42  Pylon  
  20  1:46  Probe  
  21  1:51  Assimilator  
  21  1:58  Probe  
  21  1:59  Adept (Chrono Boost)  
  24  2:04  Warp Gate  
  24  2:10  Probe  
  25  2:18  Twilight Council  
  25  2:23  Probe  
  25  2:27  Stalker (Chrono Boost)  
  26  2:36  Pylon  
  28  2:39  Probe  
  30  2:51  Probe  
  30  2:53  Shield Battery  
  30  2:58  Dark Shrine  
  30  3:06  Probe  
  30  3:09  Probe  
  32  3:14  Gateway, Blink (Chrono Boost)  
  32  3:18  Probe  
  33  3:27  Probe  
  33  3:32  Probe  
  35  3:40  Probe  
  36  3:48  Probe  
  37  3:53  Stalker  
  39  4:00  Probe  
  39  4:01  Probe  
  41  4:06  Nexus  
  41  4:10  Dark Templar  
  41  4:14  Probe  
  41  4:15  Probe  
  45  4:18  Dark Templar  
  47  4:24  Assimilator  
  47  4:26  Probe  
  48  4:37  Probe  
  47  4:52  Stalker x2  
  47  4:55  Probe  
  47  4:56  Probe  
  48  5:05  Archon  
  48  5:08  Probe x2  
  50  5:14  Pylon  
  50  5:18  Pylon  
  50  5:20  Probe x2 (Chrono Boost)  
  52  5:21  Stalker  
  52  5:25  Stalker  
  56  5:30  Probe (Chrono Boost)  
  56  5:32  Probe (Chrono Boost)  
  56  5:34  Probe (Chrono Boost)  
  59  5:39  Probe (Chrono Boost)  
  59  5:40  Probe (Chrono Boost)  
  59  5:41  Probe (Chrono Boost)  
  62  5:47  Probe, Stalker  
  62  5:48  Stalker  
  67  5:50  Probe  
  68  6:02  Probe  
  61  6:06  Probe  
  61  6:09  Charge, Robotics Facility, Probe  
  63  6:11  Stalker  
  63  6:12  Stalker  
  63  6:14  Probe  
  68  6:18  Probe  
  68  6:21  Probe  
  70  6:26  Probe  
  70  6:31  Gateway  
  71  6:33  Probe x2  
  71  6:34  Gateway  
  71  6:38  Pylon  
  71  6:39  Probe  
  74  6:43  Adept  
  74  6:46  Pylon  
  76  6:48  Probe  
  77  6:54  Probe, Pylon  
  77  6:57  Probe  
  79  7:02  Probe  
  79  7:06  Sentry x2  
  79  7:07  Nexus, Immortal  
  86  7:18  Gateway  
  86  7:19  Gateway  
  86  7:20  Gateway x2  
  86  7:29  Probe x2  
  88  7:30  Probe, Pylon  
  88  7:34  Forge  
  88  7:35  Pylon  
  89  7:38  Zealot, Sentry  
  89  7:39  Zealot x2  
  97  7:48  Observer (Chrono Boost)  
  98  7:57  Probe x3  
  98  7:58  Pylon  
  101  7:59  Pylon  
  101  8:02  Zealot x4  
  108  8:14  Immortal (Chrono Boost)  
  108  8:18  Zealot x4  
  120  8:20  Probe x4  
  120  8:24  Pylon  
  124  8:30  Shield Battery  
  124  8:32  Shield Battery  
  124  8:35  Zealot x4  
  132  8:42  Forge  
  132  8:44  Pylon  
  132  8:46  Templar Archives, Warp Prism (Chrono Boost)  
  132  8:55  Robotics Bay  
  134  8:59  Stalker x3  
  140  9:08  Zealot x5  
  142  9:24  Stalker x3  
  144  9:32  Zealot x5  
Show
View Real Time Build Order
Export as new Build Order

Epic Terran 

Build Orders:  

Get SALT Encoding   

  12  0:00  SCV  
  13  0:12  SCV  
  14  0:18  Supply Depot  
  14  0:24  SCV  
  15  0:40  SCV  
  15  0:41  Barracks  
  16  0:45  Refinery  
  16  0:52  SCV  
  16  0:54  Refinery  
  18  1:04  SCV  
  18  1:16  SCV  
  19  1:28  Reaper, Orbital Command  
  19  1:31  Supply Depot  
  20  1:43  Factory  
  20  1:54  SCV  
  20  2:00  Reaper  
  22  2:06  SCV  
  23  2:17  Command Center  
  23  2:21  SCV  
  24  2:27  Hellion  
  26  2:32  Barracks Reactor  
  26  2:33  SCV  
  27  2:43  Starport  
  27  2:45  SCV  
  27  2:48  Supply Depot  
  28  2:51  Widow Mine  
  28  2:57  SCV  
  31  3:09  SCV, Marine x2  
  34  3:13  Widow Mine  
  36  3:21  SCV  
  36  3:25  Medivac  
  39  3:29  Orbital Command  
  39  3:33  Marine  
  39  3:34  SCV, Widow Mine  
  41  3:35  Marine  
  41  3:40  Supply Depot  
  44  3:47  SCV  
  45  3:50  Barracks  
  45  3:54  SCV  
  46  3:57  Factory Tech Lab, Starport Tech Lab  
  46  3:59  SCV  
  46  4:00  Marine  
  46  4:01  Marine  
  49  4:07  SCV  
  50  4:11  SCV, Refinery  
  50  4:15  Raven  
  50  4:16  Engineering Bay  
  53  4:21  SCV  
  53  4:23  SCV, Marine x2  
  57  4:27  Supply Depot  
  47  4:43  SCV x2  
  42  4:53  Missile Turret  
  42  4:57  SCV x2  
  34  5:00  Cyclone  
  33  5:09  SCV x2  
  35  5:21  SCV  
  35  5:22  SCV, Marauder  
  35  5:25  Marine x2  
  41  5:32  Bunker  
  41  5:34  SCV x2  
  43  5:39  Siege Tank  
  46  5:46  Marauder, Marine  
  46  5:48  Marine  
  49  5:51  SCV  
  41  6:06  Marine x2  
  40  6:12  SCV  
  40  6:13  SCV  
  42  6:21  Siege Tank  
  44  6:26  Marauder, Marine  
  44  6:29  Marine  
  44  6:32  Medivac  
  49  6:37  SCV x2  
  51  6:40  Terran Infantry Weapons Level 1  
  51  6:44  Refinery  
  50  6:51  SCV  
  50  6:52  SCV  
  52  6:58  Marine x2  
  52  6:59  Stimpack, Marine  
  55  7:04  SCV  
  55  7:05  SCV  
  55  7:06  Refinery  
  55  7:07  Starport Reactor  
  57  7:12  Missile Turret  
  57  7:16  SCV, Marine  
  57  7:17  SCV  
  57  7:18  Marine x2  
  62  7:25  Supply Depot  
  62  7:28  SCV  
  62  7:29  SCV  
  64  7:32  Siege Tank  
  67  7:38  Marine x3  
  70  7:47  SCV x2, Medivac  
  70  7:49  Medivac  
  76  7:52  Supply Depot  
  76  7:59  Marauder  
  78  8:11  Supply Depot, Marine  
  78  8:12  SCV x2, Siege Tank  
  84  8:16  Supply Depot, Medivac  
  86  8:21  Medivac  
  86  8:24  SCV  
  86  8:25  SCV  
  90  8:30  Marauder, Marine  
  90  8:32  Marine  
  94  8:39  Supply Depot  
  94  8:48  SCV x2  
  96  8:50  Barracks  
  96  8:52  Marauder  
  98  8:56  Marine x2  
  98  9:00  Factory Reactor  
  100  9:05  Supply Depot  
  100  9:07  Medivac x2  
  92  9:23  Marine x2  
  88  9:30  SCV  
Tags
 
Add a new tag
Caveats
  • Supply blocks, unpowered buildings, or Contaminate may cause inaccurate times.
  • Supply counts are checked every 10 seconds.